 Dungeon Crawl Stone Soup version 0.30-a0-1085-g990a428a5c (webtiles) character file.

Game seed: 11313845192007173897

45339 FlurksSlurper the Skirmisher (level 14, -7/113 HPs)
             Began as a Demonspawn Brigand on Apr 16, 2023.
             Was an Initiate of Gozag.
             Mangled by a death yak (18 damage)
             ... on level 5 of the Lair of Beasts.
             The game lasted 00:58:08 (18047 turns).

FlurksSlurper the Skirmisher (Demonspawn Brigand)  Turns: 18047, Time: 00:58:09

Health: -7/113     AC: 10    Str: 18    XL:     14   Next: 0%
Magic:  25/25      EV: 15    Int: 13    God:    Gozag
Gold:   3049       SH:  5    Dex: 24    Spells: 16/16 levels left

rFire   . . .      SeeInvis .    a - +4 broad axe (vamp)
rCold   . . .      Faith    .    (no shield)
rNeg    . . .      Spirit   .    t - +0 ring mail of the Wasteland {Harm Will- Slay+2}
rPois   .          Reflect  +    I - +0 hat {Will+}
rElec   .          Rampage  .    c - +0 cloak
rCorr   .          Harm     + .  D - +0 pair of gloves
Will    +....                    v - +0 pair of boots
Stlth   ++++                     N - amulet of reflection
HPRegen 1.38/turn                d - ring "Gutiojev" {MP+9 Dex+5 Slay+2}
MPRegen 0.19/turn                K - +6 ring of strength

@: gold aura, studying 2 skills
A: claws 2, horns 2, ignite blood 2, powered by death 2
a: Renounce Religion, Potion Petition, Call Merchant, Bribe Branch


You were on level 5 of the Lair of Beasts.
You worshipped Gozag.
Gozag was most pleased with you.
You visited 3 branches of the dungeon, and saw 18 of its levels.
You visited the Abyss 1 time.
You also visited: Ossuary and Bailey.

You collected 6325 gold pieces.
You spent 2191 gold pieces at shops.
You paid 1085 gold pieces to Gozag.

Inventory:

Hand Weapons
 a - a +4 vampiric broad axe (weapon)
 b - the +2 arbalest of Nightmares {elec, Dex+5}
   (You found it in a bailey)

   Dex:       It affects your dexterity (+5).
 E - a +3 dagger of flaming
 H - a +0 flail of protection
 Y - a +1 short sword of venom
Missiles
 g - 32 poisoned darts (quivered)
 p - a throwing net
 B - 13 boomerangs
 S - 3 curare-tipped darts
Armour
 c - a +0 cloak (worn)
 t - the +0 ring mail of the Wasteland (worn) {Harm Will- Slay+2}
   (You bought it in a shop on level 1 of the Lair of Beasts)

   Slay:      It affects your accuracy & damage with ranged weapons and melee
   (+2).
   Harm:      It increases damage dealt and taken.
   Will:      It decreases your willpower.
 v - a +0 pair of boots (worn)
 D - a +0 pair of gloves (worn)
 I - a +0 hat of willpower (worn)
Jewellery
 d - the ring "Gutiojev" (left hand) {MP+9 Dex+5 Slay+2}
   (You acquired it in an ossuary)

   [ring of magical power]

   Dex:       It affects your dexterity (+5).
   Slay:      It affects your accuracy & damage with ranged weapons and melee
   (+2).
   MP:        It affects your magic capacity (+9).
 K - a +6 ring of strength (right hand)
 N - an amulet of reflection (around neck)
 Z - a ring of poison resistance
Wands
 e - a wand of digging (7)
 x - a wand of light (6)
 J - a wand of mindburst (7)
 M - a wand of paralysis (18)
 O - a wand of roots (4)
 V - a wand of flame (13)
Scrolls
 j - 7 scrolls of teleportation
 k - 2 scrolls of blinking
 l - 9 scrolls of enchant armour
 o - a scroll of identify
 s - 4 scrolls of fear
 y - a scroll of brand weapon
 z - 2 scrolls of magic mapping
 P - 3 scrolls of fog
Potions
 f - 4 potions of cancellation
 h - 3 potions of curing
 i - 3 potions of heal wounds
 n - 4 potions of berserk rage
 w - 6 potions of might
 A - 4 potions of haste
 F - a potion of invisibility
 G - 2 potions of magic
 W - a potion of attraction {unknown}
Miscellaneous
 u - a phantom mirror
 T - a tin of tremorstones (2/2)


   Skills:
 * Level 11.5 Fighting
 + Level 7.3 Short Blades
 + Level 2.5 Maces & Flails
 + Level 13.1 Ranged Weapons
 + Level 6.4 Throwing
 + Level 7.6 Armour
 + Level 5.9 Dodging
 + Level 7.7 Stealth
 * Level 5.5 Shields
 * Level 1.8 Spellcasting
 + Level 4.0 Evocations


You had 16 spell levels left.
You didn't know any spells.
Your spell library contained the following spells:

 Spells                   Type           Power      Damage    Failure   Level
 Blink                    Tloc           2%         N/A       54%         2
 Lesser Beckoning         Tloc           2%         N/A       54%         2
 Dazzling Flash           Conj/Hex       2%         N/A       77%         3
 Gell's Gravitas          Tloc           1%         N/A       77%         3
 Hailstorm                Conj/Ice       1%         3d3       77%         3
 Teleport Other           Tloc           1%         N/A       77%         3
 Volatile Blastmotes      Fire/Tloc      2%         2d10      77%         3
 Anguish                  Hex/Necr       0%         N/A       99%         4
 Cause Fear               Hex            0%         N/A       99%         4
 Ice Form                 Ice/Tmut       1%         N/A       99%         4
 Iskenderun's Mystic Bla  Conj/Tloc      1%         2d3       99%         4
 Manifold Assault         Tloc           1%         N/A       99%         4
 Alistair's Intoxication  Tmut/Pois      0%         N/A       100%        5
 Borgnjor's Vile Clutch   Necr/Erth      0%         N/A       100%        5
 Dispersal                Tloc           0%         N/A       100%        6
 Eringya's Noxious Bog    Tmut/Pois      0%         N/A       100%        6
 Starburst                Conj/Fire      0%         6d3       100%        6
 Enfeeble                 Hex            0%         N/A       100%        7
 Malign Gateway           Summ/Tloc      0%         N/A       100%        7
 Storm Form               Tmut/Air       0%         N/A       100%        7
 Summon Horrible Things   Summ           0%         N/A       100%        8
 Simulacrum               Ice/Necr       Unusable   N/A       N/A         6

Dungeon Overview and Level Annotations

Branches:
Dungeon (12/15)            Temple (1/1) D:6            Lair (5/5) D:8
 Shoals (0/4) Lair:2       Spider (0/4) Lair:3        Slime (0/5) Lair:5
    Orc (0/2) D:10        Ossuary (visited)          Bailey (visited)

Altars:
Ashenzari
Cheibriados
Dithmenos
Fedhas
Gozag
Kikubaaqudgha
Makhleb
Qazlal
Ru
Trog
Uskayaw
Vehumet
Wu Jian
Xom

Shops:
D:3 =?   D:5 ?   Lair:1 [   Lair:3 *

Portals:
Abyss: D:11

Annotations:
D:11 2 transporters, Querens's ghost, journeyman FoFi


Innate Abilities, Weirdness & Mutations

You have very sharp fingernails.
You have a pair of horns on your head.
Your demonic aura often causes spilled blood to erupt in flames.
You regenerate health from kills.


Message History

You shoot a bolt. The bolt hits the death yak.
The death yak is heavily wounded.
The plant is engulfed in blazing flames.
A nearby plant withers and dies.
The death yak gores you but does no damage.
The death yak is engulfed in calcifying dust.
The death yak stops moving altogether!
The death yak gores you!
Fire: b) +2 arbalest of Nightmares {elec, Dex+5}
Press: ? - help, Q - select action, (/) - cycle Shift-Dir - straight line, f/p - catoblepas
Aim: a catoblepas (moderately wounded, 93% to hit)
You shoot a bolt. The bolt hits the death yak!!
The death yak is severely wounded.
The death yak gores you!
The death yak is engulfed in calcifying dust.
The catoblepas is engulfed in blazing flames.
The death yak gores you! The death yak gores you.
The death yak is engulfed in blazing flames.
You kill the death yak!
The catoblepas is engulfed in blazing flames.
The death yak is engulfed in calcifying dust.
You have reached level 14!
The +2 arbalest of Nightmares {elec, Dex+5} stops crackling.
You feel a sense of dread.
a - a +4 vampiric broad axe (weapon)
Unknown command.
You hit the catoblepas but do no damage.
The catoblepas is heavily wounded.
The helpless death yak fails to defend itself.
You hit the death yak but do no damage. x2; The death yak gores you!!
The catoblepas is engulfed in blazing flames.
The catoblepas gores you!!
* * * LOW HITPOINT WARNING * * *
The death yak is engulfed in blazing flames.
The catoblepas is engulfed in blazing flames.
The catoblepas breathes a plume of calcifying dust at you.
The blast of calcifying dust hits you but does no damage.
The death yak is engulfed in blazing flames.
The death yak gores you!
You die...
Your body crumbles into a pile of gold.

#..##
#...#
#P..# .
#...# ..#
#P.P# ÷...
##..##
.....
#..##
#...÷#○##
#.÷YY@#
##..YY.#
.........#
#####...##
###.# ###


You could see 3 death yaks and a catoblepas.

Vanquished Creatures
  A catoblepas (Lair:4)
  Erolcha (D:10)
  3 hydras
  A boulder beetle (Lair:3)
  3 two-headed ogres
  A death yak (Lair:5)
  A skyshark (Lair:5)
  An orc knight (Bailey)
  22 elephants (Lair:5)
  2 black mambas
  A merfolk siren (Lair:2)
  A rime drake (Lair:1)
  An unseen horror (D:10)
  8 cane toads
  3 kobold demonologists (D:11)
  10 komodo dragons
  2 trolls
  Prince Ribbit (D:6)
  4 polar bears
  3 slime creatures (D:11)
  3 jumping spiders (Lair:3)
  Sigmund (D:2)
  3 wyverns
  63 yaks
  4 culicivoras (Lair:3)
  2 steam dragons (D:7)
  Eustachio (D:5)
  2 wraiths
  2 redbacks (Lair:3)
  3 basilisks
  An acid dragon (D:5)
  8 water moccasins
  Duvessa (D:6)
  14 orc warriors
  2 sky beasts (D:8)
  A black bear (D:6)
  An ice beast (D:7)
  2 ogres
  15 wolves
  2 centaurs
  2 phantoms (D:7)
  5 kobold brigands
  Blork the orc (D:6)
  14 bullfrogs
  3 gnoll sergeants
  7 scorpions
  4 wights (D:8)
  A water moccasin zombie (Ossuary)
  Dowan (D:6)
  18 killer bees
  9 howler monkeys
  A bullfrog zombie (Ossuary)
  2 centaur zombies (Ossuary)
  11 orc priests
  6 hounds
  2 jellies
  Crazy Yiuf (D:2)
  2 gnoll boudas
  5 iguanas
  A scorpion zombie (Ossuary)
  2 sleepcaps
  15 hell rats
  7 orc wizards
  A mummy (Ossuary)
  17 gnolls
  11 adders
  18 river rats (Lair:2)
  2 shadow imps
  3 white imps
  5 adder zombies (Ossuary)
  2 worms (D:4)
  2 dart slugs
  43 orcs
  6 ball pythons
  3 bats
  6 endoplasms
  4 giant cockroaches
  4 goblins
  7 hobgoblins
  2 jackals (D:2)
  8 quokkas
  6 frilled lizards
  3 gnoll zombies (Ossuary)
  3 goblin zombies (Ossuary)
  A hobgoblin zombie (Ossuary)
  20 kobolds
  An orc zombie (Ossuary)
  17 rats
516 creatures vanquished.

Vanquished Creatures (others)
  A kobold brigand (D:7)
  An orc (D:5)
  29 fungi
  32 plants
  4 tentacles (Abyss:2)
67 creatures vanquished.

Grand Total: 583 creatures vanquished

Notes
Turn   | Place    | Note
-------+----------+-------------------------------------------
     0 | D:1      | FlurksSlurper the Demonspawn Brigand began the quest for
                  | the Orb.
     0 | D:1      | Reached XP level 1. HP: 16/16 MP: 1/1
   435 | D:1      | Gained mutation: You regenerate a little health from kills.
                  | [demonic ancestry]
   435 | D:1      | Reached XP level 2. HP: 22/22 MP: 2/2
  1011 | D:2      | Reached skill level 1 in Dodging
  1071 | D:2      | Discovered your monstrous ancestry.
  1071 | D:2      | Gained mutation: You have a pair of small horns on your
                  | head. [demonic ancestry]
  1071 | D:2      | Reached XP level 3. HP: 27/27 MP: 3/3
  1120 | D:2      | Noticed a great orb of eyes
  1123 | D:2      | Found a faded altar of an unknown god.
  1129 | D:2      | Noticed a golden eye
  1199 | D:2      | Noticed a shining eye
  1201 | D:2      | Noticed a golden eye
  1352 | D:2      | Noticed Sigmund
  1362 | D:2      | Killed Sigmund
  1363 | D:2      | Reached skill level 1 in Armour
  1363 | D:2      | Gained mutation: Your demonic aura sometimes causes spilled
                  | blood to erupt in flames. [demonic ancestry]
  1363 | D:2      | Reached XP level 4. HP: 33/34 MP: 4/4
  1363 | D:2      | Reached XP level 5. HP: 38/39 MP: 5/5
  1418 | D:2      | Found a runed translucent door.
  1419 | D:2      | Noticed Crazy Yiuf
  1525 | D:2      | Killed Crazy Yiuf
  1762 | D:3      | Found The Oracle's Delphic Readings.
  1766 | D:3      | Bought a scroll of teleportation for 39 gold pieces
  1766 | D:3      | Bought a scroll of enchant weapon for 97 gold pieces
  1985 | D:3      | Reached skill level 5 in Stealth
  2055 | D:3      | Reached XP level 6. HP: 46/46 MP: 6/6
  2120 | D:3      | Found Zops's Jewellery Boutique.
  2708 | D:4      | Found a shadowy altar of Dithmenos.
  3276 | D:4      | Gained mutation: You have sharp fingernails. [demonic
                  | ancestry]
  3276 | D:4      | Reached XP level 7. HP: 16/52 MP: 7/7
  3403 | D:4      | Found an ornate altar of the Wu Jian Council.
  3664 | D:5      | Entered Level 5 of the Dungeon
  3693 | D:5      | Noticed Eustachio
  3698 | D:5      | Found a sand-covered staircase.
  3705 | Ossuary  | Entered an ossuary
  4041 | Ossuary  | Identified 3 scrolls of acquirement
  4041 | Ossuary  | Acquired 981 gold pieces
  4042 | Ossuary  | Acquired the ring "Gutiojev" {MP+9 Dex+5 Slay+2}
  4043 | Ossuary  | Acquired 616 gold pieces
  4175 | Ossuary  | Noticed a silent spectre
  4246 | D:5      | Killed Eustachio
  4247 | D:5      | Gained mutation: You have very sharp fingernails. [demonic
                  | ancestry]
  4247 | D:5      | Reached XP level 8. HP: 5/60 MP: 8/8
  4247 | D:5      | Found a large runed translucent door.
  4247 | D:5      | Found a large runed translucent door.
  4372 | D:5      | Found a large runed translucent door.
  4372 | D:5      | Found a large runed translucent door.
  4514 | D:5      | Identified the +0 robe "Wamaafiq" {rF- rCorr Int+8}
  4893 | D:5      | Found Duresm's Magic Scroll Shop.
  4993 | D:5      | Bought a scroll of vulnerability for 44 gold pieces
  4993 | D:5      | Bought a scroll of identify for 22 gold pieces
  4993 | D:5      | Bought a scroll of fear for 44 gold pieces
  5120 | D:3      | Bought an amulet of reflection for 330 gold pieces
  5214 | D:3      | Bought a scroll of amnesia for 52 gold pieces
  5366 | D:5      | Found a burning altar of Makhleb.
  5432 | D:5      | Found a stormy altar of Qazlal.
  5612 | D:5      | Got Advanced Steps in Spellweaving
  5760 | D:6      | Noticed Prince Ribbit
  5780 | D:6      | Killed Prince Ribbit
  5781 | D:6      | Reached skill level 1 in Shields
  5910 | D:6      | Reached skill level 1 in Maces & Flails
  5940 | D:6      | Reached XP level 9. HP: 67/67 MP: 9/9
  6155 | D:6      | Noticed Duvessa
  6158 | D:6      | Noticed Dowan
  6171 | D:6      | Killed Duvessa
  6172 | D:6      | Reached skill level 5 in Short Blades
  6175 | D:6      | Killed Dowan
  6210 | D:6      | Noticed Blork the orc
  6223 | D:6      | Killed Blork the orc
  6227 | D:6      | Reached skill level 5 in Fighting
  6374 | D:6      | Found a staircase to the Ecumenical Temple.
  6620 | Temple   | Entered the Ecumenical Temple
  6636 | Temple   | Became a worshipper of Gozag Ym Sagoz the Greedy
  7137 | D:7      | Reached skill level 5 in Throwing
  7140 | D:7      | Noticed a two-headed ogre
  7161 | D:7      | Killed a two-headed ogre
  7162 | D:7      | Reached skill level 5 in Dodging
  7583 | D:7      | Gained mutation: You regenerate health from kills. [demonic
                  | ancestry]
  7583 | D:7      | Reached XP level 10. HP: 74/74 MP: 10/10
  7768 | D:7      | Reached skill level 5 in Armour
  7879 | D:7      | Reached skill level 1 in Evocations
  8495 | D:8      | Found a flagged portal.
  8558 | Bailey   | Entered a bailey
  8903 | Bailey   | Reached skill level 1 in Ranged Weapons
  9008 | Bailey   | Reached skill level 2 in Ranged Weapons
  9062 | Bailey   | Noticed an orc knight
  9070 | Bailey   | Killed an orc knight
  9085 | Bailey   | Identified the +2 arbalest of Nightmares {elec, Dex+5}
  9146 | D:8      | Reached skill level 3 in Ranged Weapons
  9182 | D:8      | Found a staircase to the Lair.
  9291 | D:8      | Found an ancient bone altar of Kikubaaqudgha.
  9315 | D:8      | Reached skill level 4 in Ranged Weapons
  9339 | D:8      | Gained mutation: Your demonic aura often causes spilled
                  | blood to erupt in flames. [demonic ancestry]
  9339 | D:8      | Reached XP level 11. HP: 75/83 MP: 11/11
  9382 | D:8      | Found a broken altar of Ashenzari.
  9444 | D:8      | Reached skill level 5 in Ranged Weapons
 10085 | D:9      | Reached skill level 6 in Ranged Weapons
 10136 | D:9      | Identified the +1 ring mail of Leschur {+Blink rC- Will+++
                  | SInv}
 10326 | D:9      | Reached skill level 7 in Ranged Weapons
 10374 | D:9      | Found a blossoming altar of Fedhas.
 10557 | D:10     | Entered Level 10 of the Dungeon
 10739 | D:9      | Reached skill level 8 in Ranged Weapons
 10869 | D:10     | Found a staircase to the Orcish Mines.
 11162 | D:10     | Noticed Erolcha
 11164 | Abyss:2  | Found a shimmering altar of Xom.
 11164 | Abyss:2  | Cast into level 2 of the Abyss (Erolcha)
 11174 | Abyss:2  | Noticed a kraken
 11209 | D:10     | Escaped the Abyss
 11217 | D:10     | Killed Erolcha
 11668 | D:11     | Noticed a two-headed ogre
 11685 | D:11     | Killed a two-headed ogre
 11700 | D:11     | Noticed Querens's ghost (journeyman FoFi)
 11818 | D:11     | Found a transporter.
 11927 | D:11     | Noticed a two-headed ogre
 11954 | D:11     | Killed a two-headed ogre
 12170 | D:11     | Noticed a sun demon
 12381 | D:11     | Noticed a wizard
 12400 | D:11     | Noticed a large abomination
 12419 | D:11     | Noticed a soul eater
 12423 | D:11     | Gained mutation: You have a pair of horns on your head.
                  | [demonic ancestry]
 12423 | D:11     | Reached XP level 12. HP: 91/93 MP: 12/12
 12602 | D:11     | Found a one-way gate to the infinite horrors of the Abyss.
 12605 | D:11     | Noticed a rakshasa
 12624 | D:11     | Found a transporter.
 12950 | Lair:1   | Entered Level 1 of the Lair of Beasts
 13081 | Lair:1   | Reached skill level 9 in Ranged Weapons
 13111 | Lair:1   | Bought a slimy chain mail for 294 gold pieces
 13111 | Lair:1   | Identified the +4 chain mail of the Butterfly {Rampage rC-
                  | Str+3} (You bought it in a shop on level 1 of the Lair of
                  | Beasts)
 13111 | Lair:1   | Bought a faintly glowing leather armour for 217 gold pieces
 13111 | Lair:1   | Identified the +2 leather armour "Paorheag" {rF++ rN+
                  | Int-5} (You bought it in a shop on level 1 of the Lair of
                  | Beasts)
 13117 | Lair:1   | Bought a blackened ring mail for 279 gold pieces
 13117 | Lair:1   | Identified the +0 ring mail "Maagoifea" {rN++ Dex+2} (You
                  | bought it in a shop on level 1 of the Lair of Beasts)
 13117 | Lair:1   | Bought a warped ring mail for 279 gold pieces
 13117 | Lair:1   | Identified the +0 ring mail of the Wasteland {Harm Will-
                  | Slay+2} (You bought it in a shop on level 1 of the Lair of
                  | Beasts)
 13977 | Lair:2   | Reached skill level 10 in Ranged Weapons
 14273 | Lair:2   | Found a staircase to the Shoals.
 14414 | Lair:3   | Bought a scroll of identify for 52 gold pieces
 14414 | Lair:3   | Bought a smoking leather armour for 182 gold pieces
 14414 | Lair:3   | Identified the +0 leather armour of Inaction {Rampage
                  | Stlth+} (You bought it in a shop on level 3 of the Lair of
                  | Beasts)
 14414 | Lair:3   | Bought a glowing hat for 182 gold pieces
 14414 | Lair:3   | Bought a scroll of teleportation for 78 gold pieces
 14428 | Lair:3   | Found an ornate altar of the Wu Jian Council.
 14428 | Lair:3   | Found a hide-covered altar of Uskayaw.
 14428 | Lair:3   | Noticed a boulder beetle
 14432 | Lair:3   | Killed a boulder beetle
 14830 | Lair:3   | Noticed a six-headed hydra
 14832 | Lair:3   | Killed a six-headed hydra
 14833 | Lair:3   | Reached skill level 11 in Ranged Weapons
 14864 | Lair:3   | Found a hole to the Spider Nest.
 15988 | Lair:4   | Reached XP level 13. HP: 100/101 MP: 13/13
 16502 | Lair:4   | Reached skill level 10 in Fighting
 16842 | Lair:5   | Entered Level 5 of the Lair of Beasts
 16849 | Lair:5   | Reached skill level 12 in Ranged Weapons
 17332 | Lair:5   | Reached skill level 5 in Shields
 17437 | Lair:5   | Reached skill level 1 in Spellcasting
 17441 | Lair:5   | Reached skill level 13 in Ranged Weapons
 17570 | Lair:5   | Found a staircase to the Slime Pits.
 17769 | Lair:5   | Acquired a manual of Shields
 18046 | Lair:5   | Reached XP level 14. HP: 53/113 MP: 16/16
 18047 | Lair:5   | Mangled by a death yak

Illustrated notes

Levels and vault maps discovered:
D:1:      shiori_shiawase, layout_basic
D:2:      layout_rooms, hellmonk_ecumenical_altar_watching_god, minmay_bisected,
          uniq_crazy_yiuf_cottage, uniq_sigmund
D:3:      layout_loops_corners, serial_shops, shop, supply_closet_lemuel,
          nicolae_nh_oracle_at_delphi
D:4:      minmay_opposing_rooms, layout_basic, nicolae_dithmenos_shadow_blocks,
          mainiacjoe_overflow_alcove_1, cheibrodos_gnoll_hut
D:5:      layout_cave_pools, nicolae_qazlal_scattered_showers,
          lightli_temple_of_fire, chequers_ossuary_entry_cave, serial_shops,
          shop, minmay_hollow_rounded_squares, uniq_eustachio
D:6:      layout_gridville, minmay_temple_entry_nine_rooms, uniq_prince_ribbit1,
          uniq_duvessa, uniq_blork_the_orc
D:7:      hangedman_cross_stitches, layout_loops_cross, minmay_bent
D:8:      layout_basic, mainiacjoe_overflow_paths, tso_metal_star,
          nicolae_ashenzari_skybound, enter_bailey_2, serial_curves,
          eino_curves_03, eino_curves_01
D:9:      layout_basic, fedhas_altar_3
D:10:     layout_long_grid, orc_david_3, uniq_erolcha
D:11:     layout_stronghold, gammafunk_ghost_abyssal_escape
D:12:     layout_big_octagon, the_hattery
Temple:   compressed_dpeg_circular_temple
Lair:1:   layout_big_grid
Lair:2:   lemuel_ratsnest, layout_regular_city, elwin_shoals_entry_rooms
Lair:3:   layout_cave_pods, nicolae_spider_entry_tight_spaces,
          nzn_masters_of_martial_movement
Lair:4:   layout_loops_ring, infiniplex_staircase_pool_2, grunt_megastairs_1,
          serial_bayou_shore_b, lemuel_fruit_fields
Lair:5:   grunt_lair_end_beastmaster, layout_layer_cave,
          dpeg_slime_entry_corner, grunt_megastairs_4

Skill      XL: |  1  2  3  4  5  6  7  8  9 10 11 12 13 |
---------------+----------------------------------------+-----
Stealth        | 4 5 6 7 |  7.7
Throwing       | 2 3 4 5 6 |  6.4
Dodging        | 1 2 3 4 5 |  5.9
Short Blades   | 2 3 4 5 6 7 |  7.3
Armour         | 1 2 3 4 5 6 7 |  7.6
Fighting       | 3 4 5 6 8 9 11 | 11.5
Shields        | 1 2 3 5 |  5.5
Maces & Flails | 1 2 |  2.5
Evocations     | 1 4 |  4.0
Ranged Weapons | 4 8 11 13 | 13.1
Spellcasting   | 1 |  1.8

Action                     |  1- 3 |  4- 6 |  7- 9 | 10-12 | 13-15 || total
---------------------------+-------+-------+-------+-------+-------++-------
  Melee: Dagger            |    93 |   129 |   234 |       |       ||   456
         Headbutt          |     1 |    27 |   103 |    91 |    13 ||   235
         Punch             |       |     1 |     8 |     4 |       ||    13
         Whip              |       |       |    37 |       |       ||    37
         Short sword       |       |       |   101 |   322 |    42 ||   465
         Broad axe         |       |       |       |       |     1 ||     1
   Fire: Arbalest          |       |       |       |   385 |   152 ||   537
  Throw: Dart              |     4 |    50 |    72 |    48 |       ||   174
         Boomerang         |       |     1 |    12 |     3 |       ||    16
 Invoke: Call Merchant     |       |       |       |     2 |       ||     2
  Evoke: Wand              |       |       |     8 |     7 |       ||    15
    Use: Scroll            |       |       |    14 |    11 |    14 ||    39
         Potion            |       |       |     3 |     3 |       ||     6
   Stab: Sleeping          |     8 |     5 |     4 |     2 |       ||    19
         Distracted        |       |       |     3 |     3 |     1 ||     7
         Paralysed         |       |       |     2 |     5 |       ||     7
         Petrified         |       |       |       |       |     1 ||     1
 Armour: Robe              |     9 |       |       |       |       ||     9
         Ring mail         |    26 |    53 |   199 |    70 |    28 ||   376
         Chain mail        |       |       |       |   149 |       ||   149
  Dodge: Dodged            |    66 |    63 |   292 |   368 |    52 ||   841
  Block: Other             |       |       |    33 |   129 |    12 ||   174
         Reflection        |       |       |       |    12 |       ||    12

Table legend: (Time is in decaauts)
 A = Elapsed time spent in this place.
 B = Non-inter-level travel time spent in this place.
 C = Inter-level travel time spent in this place.
 D = Time resting spent in this place.
 E = Time spent auto-exploring this place.
 F = Levels seen in this place.
 G = Mean time per level.
                   A        B        C        D        E       F      G
               +--------+--------+--------+--------+--------+-----+--------+
         Total |  18199 |  17351 |    848 |   2230 |  11266 |  21 |  866.6 |
       Dungeon |  11815 |  11110 |    705 |   1343 |   7262 |  12 |  984.6 |
        Temple |     40 |     21 |     19 |      0 |     10 |   1 |   40.0 |
          Lair |   5211 |   5088 |    123 |    690 |   3542 |   5 | 1042.2 |
         Abyss |     44 |     44 |      0 |      0 |      0 |   1 |   44.0 |
       Ossuary |    488 |    488 |      0 |    171 |     86 |   1 |  488.0 |
        Bailey |    598 |    598 |      0 |     26 |    366 |   1 |  598.0 |
               +--------+--------+--------+--------+--------+-----+--------+

Top non-repeatable levels by time:
  Lair:3: 1523 daAuts
     D:5: 1479 daAuts
     D:7: 1344 daAuts
    D:11: 1274 daAuts
  Lair:5: 1233 daAuts
     D:4: 1159 daAuts
     D:3: 1138 daAuts
     D:8: 1131 daAuts
     D:6: 1085 daAuts
  Lair:2: 964 daAuts
  Lair:4: 958 daAuts
     D:1: 935 daAuts
     D:9: 864 daAuts
    D:10: 747 daAuts
     D:2: 646 daAuts
